 Dungeon Crawl Stone Soup version 0.30.0-11-gf55b779eaf (webtiles) character file.

Game seed: 12524261289068438287

7203 booth the Conjurer (level 10, -6/76 HPs)
             Began as a Demonspawn Reaver on May 16, 2023.
             Was an Initiate of Gozag.
             Mangled by a death yak (15 damage)
             ... on level 9 of the Dungeon on May 17, 2023.
             The game lasted 01:18:12 (9957 turns).

booth the Conjurer (Demonspawn Reaver)              Turns: 9957, Time: 01:18:12

Health: -6/76      AC: 16    Str: 17    XL:     10   Next: 87%
Magic:  0/18       EV: 18    Int: 14    God:    Gozag
Gold:   1658       SH:  5    Dex: 12    Spells: 14/20 levels left

rFire   . . .        P - +2 quarterstaff (spect)
rCold   . . .        (shield currently unavailable)
rNeg    . . .        s - +2 leather armour {Will+}
rPois   .            (no helmet)
rElec   .            (no cloak)
rCorr   .            y - +0 pair of gloves
SInv    +            c - +2 pair of boots
Will    +....        o - amulet of reflection
Stlth   +            u - +5 ring of evasion
HPRegen 0.32/turn    D - ring of see invisible
MPRegen 0.32/turn

%: reflection, guardian spirit
@: about to teleport, sanguine armoured
A: magic shield, magic regeneration, sanguine armour 1, demonic magic 1,
weakness stinger 2
a: Renounce Religion, Potion Petition, Call Merchant, Bribe Branch


You were on level 9 of the Dungeon.
You worshipped Gozag.
Gozag was most pleased with you.
You visited 2 branches of the dungeon, and saw 10 of its levels.

You collected 1925 gold pieces.
You spent 156 gold pieces at shops.
You paid 111 gold pieces to Gozag.

Inventory:

Hand Weapons
 a - a +0 war axe
 l - a +1 hand axe of freezing
 q - a +1 mace of draining
 x - a +4 dagger of electrocution
 B - a +1 short sword of venom
 P - a +2 spectral quarterstaff (weapon)
Missiles
 d - 8 curare-tipped darts
 e - 29 poisoned darts (quivered)
 v - 14 boomerangs
 I - a throwing net
Armour
 c - a +2 pair of boots (worn)
 i - a +3 leather armour
 m - a +1 buckler
 s - a +2 leather armour of willpower (worn)
 y - a +0 pair of gloves (worn)
Jewellery
 o - an amulet of reflection (around neck)
 u - a +5 ring of evasion (left hand)
 D - a ring of see invisible (right hand)
Wands
 k - a wand of mindburst (32)
 C - a wand of flame (66)
Scrolls
 n - 2 scrolls of silence
 r - a scroll of amnesia
 G - a scroll of butterflies {unknown}
 J - 2 scrolls of poison {unknown}
 L - a scroll of blinking {unknown}
Potions
 f - 4 potions of mutation
 g - 2 potions of haste
 h - a potion of flight
 j - 3 potions of attraction
 p - 3 potions of resistance
 t - a potion of magic {unknown}
 w - a potion of heal wounds {unknown}
 z - a potion of ambrosia
 A - a potion of invisibility {unknown}
 E - 4 potions of curing
 F - a potion of cancellation
 H - a potion of berserk rage {unknown}
 N - a potion of brilliance {unknown}


   Skills:
 + Level 5.9 Fighting
 + Level 5.7 Axes
 + Level 1.7 Staves
 + Level 4.7 Armour
 + Level 5.4 Dodging
 + Level 5.5 Spellcasting
 + Level 6.3 Conjurations
 + Level 5.7 Necromancy
 + Level 4.7 Translocations
 + Level 4.8 Ice Magic


You had 14 spell levels left.
You knew the following spells:

 Your Spells              Type           Power      Damage    Failure   Level
a - Kiss of Death         Conj/Necr      80%        2d11      1%          1
b - Momentum Strike       Conj/Tloc      38%        3d9       3%          2
c - Hailstorm             Conj/Ice       19%        3d6       6%          3

Your spell library contained the following spells:

 Spells                   Type           Power      Damage    Failure   Level
 Ensorcelled Hibernation  Hex/Ice        20%        N/A       11%         2
 Mephitic Cloud           Conj/Pois/Air  9%         N/A       24%         3
 Passwall                 Tmut/Erth      2%         N/A       30%         2
 Poisonous Vapours        Pois/Air       6%         N/A       30%         2
 Spider Form              Tmut/Pois      3%         N/A       52%         3
 Swiftness                Air            3%         N/A       52%         3
 Anguish                  Hex/Necr       5%         N/A       52%         4
 Freezing Cloud           Conj/Ice/Air   7%         6-21      75%         5


Dungeon Overview and Level Annotations

Branches:
Dungeon (9/15)             Temple (1/1) D:4
   Lair: D:8-11         Orc: D:9-12

Altars:
Ashenzari
Cheibriados
Dithmenos
Fedhas
Gozag
Hepliaklqana
Kikubaaqudgha
Makhleb
Nemelex Xobeh
Qazlal
Ru
Sif Muna
Trog
Uskayaw
Wu Jian
Xom

Shops:
D:5 *   D:9 *


Innate Abilities, Weirdness & Mutations

When hurt, damage is shared between your health and your magic reserves.
You regenerate magic rapidly.
When seriously injured, your blood forms armour. (AC +6)
Spells you cast may paralyse adjacent enemies.
You have a tail ending in a sharp stinger.


Message History

The death yak is severely wounded.
Your +2 spectral quarterstaff hits the death yak but does no damage.
The death yak closely misses your +2 spectral quarterstaff.
The death yak closely misses you. The death yak barely misses you.
You hit the death yak.
You tail-slap the death yak, but do no damage.
The death yak is severely wounded.
Your +2 spectral quarterstaff hits the death yak but does no damage.
The death yak gores your +2 spectral quarterstaff but does no damage.
The death yak gores you. The death yak completely misses you.
You hit the death yak.
The death yak is severely wounded.
Your +2 spectral quarterstaff hits the death yak but does no damage.
The death yak barely misses your +2 spectral quarterstaff.
The death yak closely misses you. The death yak misses you.
You hit the death yak.
The death yak is severely wounded.
Your +2 spectral quarterstaff hits the death yak.
The death yak barely misses your +2 spectral quarterstaff.
The death yak gores you!!
* * * LOW HITPOINT WARNING * * *
The death yak gores you but does no damage.
As you read the scroll of teleportation, it crumbles to dust.
You feel strangely unstable.
Your +2 spectral quarterstaff disappears.
The death yak misses you. The death yak closely misses you.
You hit the death yak.
The death yak is almost dead.
The death yak barely misses you. You block the death yak's attack.
The death yak misses you.
The death yak gores you but does no damage.
The death yak barely misses you. The death yak gores you!
* * * LOW HITPOINT WARNING * * *
You hit the death yak.
Your tail-slap misses the death yak.
The death yak is almost dead.
You block the death yak's attack.
The death yak snorts and paws the ground.
The death yak misses you. The death yak gores you!!
You die...
Your body crumbles into a pile of gold.

###...### #..... # #.#.#
#.....### #...# #.......
# ##.## #...###. #. #.#
#####...###. #. #.#
.....[....#. #. #.# #
#....>....
#####.##.#.##.#.........
......Y@Y.....##........
#####.#Y##.#####....####
#. #Y# .#####....# ..
#Y# .........# ..


gg# ######...# .. g.. #...# . .#.# #...# ...# #...# .####...#### You could see 5
death yaks, a gnoll sergeant and 2 gnolls.

Vanquished Creatures
  2 two-headed ogres
  Pikel (D:7)
  Joseph (D:8)
  Maggie (D:6)
  A shadow (D:9)
  2 wyverns (D:7)
  5 yaks (D:9)
  A steam dragon (D:7)
  Menkaure (D:7)
  4 water moccasins
  An orc warrior (D:7)
  A sky beast (D:8)
  2 ogres
  2 centaurs
  A lemure (D:6)
  2 phantoms
  5 kobold brigands
  3 bullfrogs
  2 scorpions (D:6)
  8 wights
  10 killer bees (D:9)
  A howler monkey (D:6)
  A gnoll bouda (D:7)
  7 hounds
  2 jellies
  2 orc priests
  A sleepcap (D:5)
  6 iguanas
  5 orc wizards
  8 gnolls
  10 adders
  A shadow imp (D:5)
  A white imp (D:5)
  An ufetubus (D:4)
  A dart slug (D:4)
  22 orcs
  5 ball pythons
  4 bats
  8 endoplasms
  3 giant cockroaches (D:1)
  13 goblins
  18 hobgoblins
  7 jackals
  27 kobolds
  2 quokkas (D:1)
  3 frilled lizards
  6 rats
221 creatures vanquished.

Vanquished Creatures (collateral kills)
  A goblin (D:4)
  A hobgoblin (D:7)
  4 kobolds (D:7)
6 creatures vanquished.

Vanquished Creatures (others)
  A gnoll bouda (D:4)
  2 gnolls
  An orc (D:8)
  5 spectral weapons (D:9)
9 creatures vanquished.

Grand Total: 236 creatures vanquished

Notes
Turn   | Place    | Note
-------+----------+-------------------------------------------
     0 | D:1      | booth the Demonspawn Reaver began the quest for the Orb.
     0 | D:1      | Reached XP level 1. HP: 16/16 MP: 3/3
    57 | D:1      | Gained mutation: You have a small tail. [demonic ancestry]
    57 | D:1      | Reached XP level 2. HP: 16/22 MP: 3/5
   437 | D:1      | Gained mutation: You regenerate magic rapidly. [demonic
                  | ancestry]
   437 | D:1      | Reached XP level 3. HP: 27/28 MP: 6/6
   440 | D:1      | Learned a level 2 spell: Momentum Strike
   444 | D:1      | Learned a level 3 spell: Hailstorm
   948 | D:2      | Found a faded altar of an unknown god.
  1237 | D:2      | You fall into a shaft and drop 1 floor!
  1355 | D:3      | Found a bloodstained altar of Trog.
  1423 | D:2      | Gained mutation: When hurt, damage is shared between your
                  | health and your magic reserves. [demonic ancestry]
  1423 | D:2      | Reached XP level 4. HP: 20/34 MP: 7/7
  2070 | D:3      | Found a shimmering altar of Xom.
  2259 | D:3      | Reached skill level 1 in Necromancy
  2265 | D:3      | Reached XP level 5. HP: 31/35 MP: 5/8
  2714 | D:4      | Reached skill level 1 in Armour
  2714 | D:4      | Reached skill level 1 in Translocations
  2716 | D:4      | Reached skill level 1 in Ice Magic
  2853 | D:4      | Found a blossoming altar of Fedhas.
  2883 | D:4      | Gained mutation: Spells you cast may paralyse adjacent
                  | enemies. [demonic ancestry]
  2883 | D:4      | Reached XP level 6. HP: 42/43 MP: 8/10
  3155 | D:4      | Found a staircase to the Ecumenical Temple.
  3171 | Temple   | Entered the Ecumenical Temple
  3338 | Temple   | Became a worshipper of Gozag Ym Sagoz the Greedy
  3477 | D:4      | Found an ancient bone altar of Kikubaaqudgha.
  3633 | D:5      | Entered Level 5 of the Dungeon
  3633 | D:5      | Found Fuggoete's General Store.
  3682 | D:5      | Bought 5 boomerangs for 130 gold pieces
  3682 | D:5      | Bought a scroll of identify for 26 gold pieces
  4046 | D:5      | Gained mutation: You have a tail ending in a sharp stinger.
                  | [demonic ancestry]
  4046 | D:5      | Reached XP level 7. HP: 29/52 MP: 9/11
  4221 | D:5      | Found a hide-covered altar of Uskayaw.
  4222 | D:5      | Noticed a +0 hand axe
  4222 | D:5      | Noticed a +0 hand axe
  4269 | D:5      | Reached skill level 4 in Conjurations
  4770 | D:5      | HP: 2/52 [poisoned by a water moccasin]
  5200 | D:6      | Reached XP level 8. HP: 60/60 MP: 13/13
  5639 | D:6      | Found a shimmering blue altar of Sif Muna.
  5756 | D:6      | Identified the +2 plate armour "Nukhuf" {Str+5}
  5890 | D:6      | Noticed Maggie
  5913 | D:6      | Killed Maggie
  6138 | D:7      | Noticed Pikel
  6286 | D:7      | Reached skill level 5 in Conjurations
  6444 | D:7      | Reached XP level 9. HP: 54/66 MP: 13/15
  6583 | D:7      | Killed Pikel
  6902 | D:7      | Found a hazy altar of Hepliaklqana.
  6903 | D:7      | Found a broken altar of Ashenzari.
  7022 | D:7      | Noticed Joseph
  7290 | D:7      | Noticed Menkaure
  7298 | D:7      | Killed Menkaure
  7299 | D:7      | Reached skill level 5 in Fighting
  7724 | D:7      | Reached skill level 5 in Axes
  8186 | D:8      | Found a stormy altar of Qazlal.
  8259 | D:8      | Gained mutation: When seriously injured, your blood forms
                  | armour. (AC +6) [demonic ancestry]
  8259 | D:8      | Reached XP level 10. HP: 69/73 MP: 14/17
  8505 | D:8      | Found a sacrificial altar of Ru.
  8505 | D:8      | Noticed a two-headed ogre
  8536 | D:8      | Killed a two-headed ogre
  8537 | D:8      | Reached skill level 5 in Dodging
  8537 | D:8      | Reached skill level 5 in Spellcasting
  8537 | D:8      | Reached skill level 5 in Necromancy
  8548 | D:8      | Killed Joseph
  8949 | D:8      | Identified the +0 chain mail "Erphefro" {rElec rC+ Stlth+}
  9114 | D:8      | Found a snail-covered altar of Cheibriados.
  9144 | D:9      | Found Nitukhiuri's Changing Room.
  9170 | D:9      | Reached skill level 6 in Conjurations
  9620 | D:9      | Reached skill level 1 in Staves
  9623 | D:9      | Noticed a two-headed ogre
  9639 | D:9      | Killed a two-headed ogre
  9931 | D:9      | Noticed a death yak
  9934 | D:9      | Noticed a death yak
  9935 | D:9      | Noticed a death yak
  9940 | D:9      | Noticed a death yak
  9942 | D:9      | Noticed a death yak
  9957 | D:9      | Mangled by a death yak

Illustrated notes

Levels and vault maps discovered:
D:1:      lordsloth_arrival_two_stooges, layout_basic
D:2:      layout_basic, nicolae_ecumenical_oubliette
D:3:      layout_loops_cross, overflow_temple_1_default, old_standard_altar,
          minmay_misc_feat_diagonals, kennysheep_orc_chapel
D:4:      kennysheep_the_goblin_king, layout_rooms, kennysheep_little_box,
          lemuel_doored_altar, minmay_temple_entry_drinking_statues
D:5:      kennysheep_six_static_rooms, layout_basic, dancing_weapons_uskayaw,
          nicolae_stop_n_shop_2, palyth_stone_intersect,
          small_statue_intersection, guppyfry_early_lair_pool
D:6:      layout_basic, nicolae_sif_muna_little_library, uniq_maggie
D:7:      kennysheep_housing_project, layout_gridville,
          gammafunk_temple_overflow_forgotten, lemuel_flame_loot_1, uniq_joseph,
          uniq_pikel, uniq_menkaure
D:8:      layout_basic, mainiacjoe_overflow_chevrons,
          mainiacjoe_overflow_surrounded_room, lemuel_crystal_altar,
          kennysheep_dice
D:9:      layout_loops_cross, mainiacjoe_overflow_paths, dpeg_lair_monsters,
          nicolae_transmutations_shop
Temple:   nicolae_temple_bog_church

Skill      XL: |  1  2  3  4  5  6  7  8  9 10 |
---------------+-------------------------------+-----
Dodging        | 2 3 4 5 |  5.4
Axes           | 3 4 5 |  5.7
Necromancy     | 1 2 3 4 5 |  5.7
Armour         | 1 2 3 4 |  4.7
Translocations | 1 2 3 4 |  4.7
Ice Magic      | 1 2 3 4 |  4.8
Fighting       | 3 4 5 |  5.9
Spellcasting   | 3 4 5 |  5.5
Conjurations   | 4 5 6 |  6.3
Staves         | 1 |  1.7

Action                     |  1- 3 |  4- 6 |  7- 9 | 10-12 || total
---------------------------+-------+-------+-------+-------++-------
  Melee: Hand axe          |   127 |   300 |    83 |       ||   510
         Tailslap          |    18 |    36 |    43 |    28 ||   125
         Punch             |     1 |     1 |       |       ||     2
         Dagger            |       |       |   280 |    58 ||   338
         Quarterstaff      |       |       |       |   142 ||   142
  Throw: Dart              |       |     4 |    18 |     6 ||    28
   Cast: Kiss of Death     |     1 |     2 |     3 |     1 ||     7
         Momentum Strike   |       |       |     2 |     2 ||     4
         Hailstorm         |       |       |     1 |       ||     1
  Evoke: Wand              |       |       |     2 |       ||     2
    Use: Scroll            |     2 |    12 |     2 |     3 ||    19
         Potion            |     1 |       |     4 |       ||     5
   Stab: Paralysed         |       |       |     3 |     3 ||     6
         Distracted        |       |       |       |     1 ||     1
 Armour: Leather armour    |    60 |    75 |    63 |    41 ||   239
  Dodge: Dodged            |    88 |   192 |   206 |   167 ||   653
  Block: Buckler           |       |   118 |   172 |    16 ||   306
         Reflection        |       |     3 |    12 |     6 ||    21
         Other             |       |       |       |    40 ||    40
